 Dungeon Crawl Stone Soup version 0.24.0-35-gdb84b6a5db (webtiles) character file.

Game seed: 6395443797430983351, levelgen mode: deterministic

16 Iamsoldier the Charmwright (level 2, -1/26 HPs)
             Began as a Gnoll Skald on Nov 20, 2019.
             Slain by an adder (3 damage)
             ... on level 2 of the Dungeon.
             The game lasted 00:03:32 (976 turns).

Iamsoldier the Charmwright (Gnoll Skald)             Turns: 976, Time: 00:03:33

Health: -1/26      AC: 11    Str: 13    XL:     2   Next: 58%
Magic:  7/7        EV:  7    Int: 15    God:
Gold:   57         SH:  0    Dex: 14    Spells: 9/10 levels left

rFire    + . .     SeeInvis .   m - -3 short sword (curse)
rCold    . . .     Gourm    .   (no shield)
rNeg     . . .     Faith    .   f - +3 chain mail {rF+}
rPois    .         Spirit   .   (no helmet)
rElec    .         Reflect  .   (no cloak)
rCorr    .         Harm     .   (no gloves)
MR       .....                  (no boots)
Stlth    ..........             (no amulet)
HPRegen  0.08/turn              (no ring)
MPRegen  0.10/turn              (no ring)

@: lethally poisoned (-1 -> -5), very slow
A: distributed training, fangs 1, strong nose
a: no special abilities


You were on level 2 of the Dungeon.
You were not hungry.

You visited 1 branch of the dungeon, and saw 2 of its levels.

You collected 57 gold pieces.

Inventory:

Hand Weapons
 a - a +0 spear
 m - a cursed -3 short sword (weapon)
Missiles
 h - 2 throwing nets (quivered)
Armour
 b - a +0 leather armour
 f - a +3 chain mail of fire resistance (worn)
Jewellery
 k - a cursed ring of teleportation
Scrolls
 n - a scroll of identify
Potions
 c - a potion of ambrosia {unknown}
 e - 2 potions of might {unknown}
 g - a potion of heal wounds {unknown}
 i - a potion of magic {unknown}
 l - a potion of flight {unknown}
Comestibles
 d - 3 rations
 j - a chunk of flesh


   Skills:
 + Level 4.5 Fighting
 + Level 0.4 Short Blades
 + Level 0.4 Long Blades
 + Level 0.4 Axes
 + Level 0.4 Maces & Flails
 + Level 4.5 Polearms
 + Level 0.4 Staves
 + Level 0.4 Slings
 + Level 0.4 Bows
 + Level 0.4 Crossbows
 + Level 0.4 Throwing
 + Level 2.5 Armour
 + Level 4.5 Dodging
 + Level 0.4 Stealth
 + Level 0.4 Shields
 + Level 0.4 Unarmed Combat
 + Level 4.9 Spellcasting
 + Level 0.2 Conjurations
 + Level 0.2 Hexes
 + Level 5.3 Charms
 + Level 0.2 Summonings
 + Level 0.2 Necromancy
 + Level 0.2 Translocations
 + Level 0.2 Transmutations
 + Level 0.2 Fire Magic
 + Level 0.2 Ice Magic
 + Level 0.2 Air Magic
 + Level 0.2 Earth Magic
 + Level 0.2 Poison Magic
 + Level 0.5 Invocations
 + Level 0.4 Evocations


You had 9 spell levels left.
You knew the following spells:

 Your Spells              Type           Power        Failure   Level  Hunger
a - Infusion              Chrm           ###.         50%         1    None

Your spell library contained the following spells:

 Spells                   Type           Power        Failure   Level  Hunger
 Song of Slaying          Chrm           ###.....     63%         2    ##.....
 Shroud of Golubria       Chrm/Tloc      ##....       94%         2    ##.....
 Regeneration             Chrm/Necr      ##........   99%         3    ###....
 Spectral Weapon          Hex/Chrm       ##......     99%         3    ###....


Dungeon Overview and Level Annotations

Branches:
Dungeon (2/15)

Altars:
Fedhas
Makhleb


Innate Abilities, Weirdness & Mutations

Your experience applies equally to all skills.
You have very sharp teeth.
Your uncanny sense of smell can sniff out nearby items.


Message History

The adder bites you.
The hobgoblin hits you but does no damage.
The adder bites you but does no damage.
You closely miss the adder.
You feel sick. The adder barely misses you. The hobgoblin barely misses you.
You closely miss the adder. The adder bites you but does no damage.
The hobgoblin hits you but does no damage.
You miss the adder.
You feel sick. The adder bites you but does no damage. The hobgoblin hits you.
* * * LOW HITPOINT WARNING * * *
The adder bites you but does no damage.
You hit the adder.
The adder is moderately wounded.
The adder bites you.
* * * LOW HITPOINT WARNING * * *
The hobgoblin barely misses you.
Your chain mail prevents you from hitting the adder.
The adder is moderately wounded.
The adder bites you.
You die...

#.. ... . ... .##.# #.#.
♣♣♣ ♣♣♣#... ..#.
♣P≈.≈♣♣♣P♣#.# #.#.
≈≈≈≈≈≈(@S...# ## ##...
P♣≈≈≈♣.♣gP..#####..#....
♣♣ ♣♣♣♣♣........##....
##.######....#.
#....[........
##.._....†..#.#
#...8.....##..#
#..._...#.##...
#.........##..#


You could see an adder and a hobgoblin.

Vanquished Creatures
  An adder (D:2)
  A goblin (D:1)
  A hobgoblin (D:1)
  A bat (D:1)
  4 frilled lizards
  A kobold (D:2)
  A rat (D:1)
10 creatures vanquished.

Notes
Turn   | Place    | Note
-------+----------+-------------------------------------------
     0 | D:1      | Iamsoldier the Gnoll Skald began the quest for the Orb.
     0 | D:1      | Reached XP level 1. HP: 20/20 MP: 6/6
   897 | D:2      | Reached XP level 2. HP: 26/26 MP: 7/7
   926 | D:2      | Found a blossoming altar of Fedhas.
   926 | D:2      | Found a burning altar of Makhleb.
   976 | D:2      | Slain by an adder

Levels and vault maps discovered:
D:1:      giann_bridges, layout_basic, minmay_misc_feat_diagonals
D:2:      layout_rooms, chequers_temple_overflow_statue_of_worship,
          serial_bayou_crossing

Action                   || total
-------------------------++-------
Melee: Short sword       ||    45
       Spear             ||    11
       Bite              ||     4
  Use: Scroll            ||     3
 Stab: Sleeping          ||     1
Armor: Leather armour    ||     8
       Chain mail        ||    40
Dodge: Dodged            ||    45
